Map: Ulzaan

Players

Throwfordays - Winner!

  • Race: Protoss Protoss
  • League: Silver
  • Spawn Location: 1:00

Cthulhu - Winner!

  • Race: Zerg Zerg
  • Spawn Location: 3:00

DCfromOaktow

  • Race: Terran Terran
  • League: Gold
  • Spawn Location: 9:00

dez

  • Race: Terran Terran
  • Spawn Location: 11:00

VOD

Have the link to the VOD?

Description

Time

  • Played on: March 25, 2019, 3:43 p.m.
  • Length: 17:46
Show
View Real Time Build Order
Export as new Build Order

Throwfordays Protoss - Winner!

Build Orders: Oracle Opening 

Get SALT Encoding   

  12  0:02  Probe  
  13  0:14  Probe  
  14  0:24  Pylon  
  14  0:26  Probe  
  15  0:42  Probe  
  16  0:44  Gateway  
  16  0:46  Assimilator  
  16  0:55  Assimilator  
  16  0:57  Probe  
  17  1:09  Probe  
  18  1:21  Probe  
  19  1:30  Cybernetics Core  
  19  1:33  Probe  
  20  1:49  Probe  
  21  2:01  Probe  
  21  2:06  Protoss Air Weapons Level 1  
  21  2:07  Stargate  
  22  2:15  Probe  
  23  2:37  Nexus  
  23  2:40  Assimilator  
  23  2:44  Assimilator  
  23  2:47  Pylon  
  23  2:55  Pylon  
  23  3:05  Oracle  
  26  3:08  Forge  
  25  3:28  Adept  
  25  3:32  Probe  
  28  3:41  Photon Cannon  
  28  3:42  Oracle  
  28  3:44  Probe  
  28  3:48  Pylon  
  32  3:52  Photon Cannon  
  31  4:09  Probe  
  31  4:21  Probe  
  29  4:39  Probe  
  29  4:44  Probe  
  31  4:51  Probe  
  32  4:55  Warp Gate  
  32  5:03  Probe  
  33  5:15  Probe  
  34  5:27  Probe  
  35  5:34  Probe  
  36  5:39  Probe  
  37  5:45  Pylon  
  37  5:46  Probe  
  37  5:47  Pylon  
  38  5:51  Pylon  
  38  5:52  Probe  
  38  5:54  Pylon  
  39  5:58  Probe  
  39  5:59  Pylon  
  39  6:01  Protoss Ground Weapons Level 1  
  39  6:04  Probe  
  41  6:06  Forge  
  41  6:10  Probe  
  41  6:11  Robotics Facility  
  42  6:14  Robotics Facility  
  42  6:16  Robotics Facility, Probe  
  43  6:22  Probe  
  44  6:28  Photon Cannon, Probe  
  44  6:30  Photon Cannon  
  45  6:34  Probe  
  46  6:40  Probe  
  46  6:46  Probe  
  48  6:48  Photon Cannon  
  48  6:52  Photon Cannon, Probe  
  49  6:56  Photon Cannon  
  49  7:00  Photon Cannon  
  49  7:03  Adept  
  49  7:04  Probe  
  49  7:06  Immortal  
  56  7:19  Robotics Bay  
  54  7:27  Immortal  
  56  7:33  Immortal  
  60  7:43  Protoss Ground Armor Level 1  
  60  8:12  Stalker  
  62  8:17  Protoss Shields Level 1  
  62  8:26  Colossus  
  62  8:27  Colossus x2  
  76  8:39  Extended Thermal Lance  
  76  8:45  Twilight Council  
  76  9:04  Gateway x2  
  76  9:07  Gateway  
  76  9:22  Forge  
  76  9:28  Immortal x3  
  88  9:42  Stalker  
  88  9:45  Protoss Ground Armor Level 2  
  90  9:46  Protoss Ground Weapons Level 2  
  90  10:06  Nexus  
  90  10:09  Pylon  
  90  10:11  Pylon  
  90  10:26  Assimilator  
  90  10:31  Assimilator  
  90  10:35  Pylon  
  90  10:37  Pylon  
  90  10:39  Pylon  
  90  10:40  Nexus  
  90  10:41  Pylon  
  90  11:00  Probe  
  91  11:04  Probe  
  92  11:12  Probe  
  92  11:16  Probe  
  94  11:19  Probe  
  94  11:24  Probe  
  96  11:26  Assimilator  
  96  11:29  Probe  
  96  11:30  Probe  
  96  11:31  Assimilator  
  98  11:34  Pylon  
  98  11:36  Pylon, Probe  
  98  11:38  Probe  
  99  11:41  Probe  
  99  11:43  Pylon  
  99  11:44  Protoss Shields Level 2  
  101  11:47  Pylon  
  101  11:48  Probe  
  101  11:51  Probe  
  101  11:53  Probe x2  
  105  12:01  Probe  
  105  12:03  Probe  
  105  12:05  Probe  
  105  12:08  Probe  
  109  12:10  Pylon  
  109  12:11  Probe  
  110  12:15  Probe  
  110  12:17  Probe  
  110  12:20  Probe  
  113  12:23  Probe  
  113  12:29  Probe  
  115  12:32  Probe  
  115  12:35  Probe  
  115  12:41  Probe  
  116  12:44  Probe  
  117  12:56  Probe  
  112  13:17  Pylon  
  112  13:36  Stalker x4  
  112  13:39  Gateway  
  112  13:41  Gateway  
  120  13:46  Photon Cannon  
  120  13:50  Photon Cannon  
  120  13:51  Photon Cannon  
  120  13:52  Photon Cannon  
  120  13:54  Photon Cannon  
  120  13:56  Shield Battery  
  120  14:00  Shield Battery  
  120  14:01  Shield Battery, Protoss Ground Weapons Level 3, Protoss Ground Armor Level 3  
  120  14:02  Protoss Shields Level 3, Immortal x3  
  132  14:03  Shield Battery  
  132  14:08  Pylon, Probe  
  133  14:11  Pylon  
  133  14:15  Probe  
  134  14:20  Probe  
  135  14:25  Blink  
  135  14:27  Probe  
  136  14:32  Stalker x2  
  136  14:33  Stalker x2, Probe  
  145  14:39  Probe  
  145  14:40  Colossus x3  
  145  14:41  Robotics Facility  
  145  14:43  Robotics Facility  
  145  14:45  Probe  
  165  14:46  Robotics Facility  
  165  14:48  Robotics Facility  
  165  14:54  Nexus  
  165  14:57  Assimilator, Probe  
  166  15:02  Assimilator  
  160  15:30  Stalker x4  
  160  15:31  Stalker x2  
  160  15:34  Colossus x4  
  172  16:00  Stalker x2  
  172  16:01  Stalker x3  
  172  16:02  Stalker  
  184  16:28  Immortal x4  
  200  16:49  Shield Battery  
  200  16:51  Shield Battery  
  162  17:36  Stalker x3  
  162  17:37  Stalker x3  
Show
View Real Time Build Order
Export as new Build Order

Cthulhu Zerg - Winner!

Build Orders: Hatch First 

Get SALT Encoding   

  12  0:01  Drone  
  13  0:08  Drone  
  14  0:16  Extractor, Drone  
  15  0:41  Hatchery  
  14  0:45  Overlord  
  14  0:50  Extractor  
  14  0:52  Drone  
  15  1:10  Spawning Pool  
  15  1:11  Drone  
  15  1:18  Drone  
  16  1:22  Extractor  
  15  1:29  Drone x2  
  17  1:34  Drone  
  18  1:44  Drone  
  19  1:58  Drone x2  
  21  2:10  Queen  
  21  2:12  Drone  
  21  2:13  Drone  
  25  2:23  Lair  
  25  2:33  Extractor, Drone x2  
  26  2:38  Drone  
  26  2:39  Drone  
  26  2:40  Overlord  
  27  3:20  Queen  
  27  3:23  Queen  
  27  3:25  Drone  
  27  3:26  Drone  
  27  3:27  Drone x3  
  36  3:38  Spire  
  35  3:57  Zergling x2  
  35  3:58  Overlord  
  36  4:20  Drone  
  36  4:21  Drone x2  
  39  4:33  Drone  
  39  4:34  Drone x4, Overlord x2  
  44  4:40  Extractor  
  42  4:46  Drone  
  42  4:47  Drone  
  44  5:13  Mutalisk  
  44  5:14  Mutalisk x4  
  44  5:19  Extractor  
  53  5:22  Zerg Flyer Weapons Level 1  
  53  5:45  Overlord x2  
  53  5:46  Drone x3  
  53  5:47  Mutalisk x2  
  60  5:53  Hatchery  
  60  5:55  Drone  
  60  6:06  Mutalisk  
  62  6:11  Hatchery  
  62  6:13  Mutalisk  
  63  6:30  Mutalisk x2  
  67  6:52  Zergling x2  
  67  6:53  Zergling x12  
  74  6:58  Metabolic Boost  
  74  7:07  Spine Crawler x2  
  72  7:08  Spine Crawler  
  72  7:12  Drone  
  72  7:15  Spine Crawler  
  31  7:49  Zergling x2  
  31  7:50  Zergling x6  
  27  8:25  Overlord x2  
  27  8:26  Overlord  
  27  9:02  Zergling x12  
  33  9:03  Zergling x12  
  39  9:17  Drone  
  39  9:18  Drone  
  39  9:24  Drone x4  
  42  9:27  Pneumatized Carapace  
  45  9:57  Drone  
  45  9:58  Drone x4  
  45  9:59  Overlord  
  50  10:00  Overlord x3  
  48  10:15  Drone x2  
  50  10:33  Drone  
  50  10:34  Drone x6  
  57  10:35  Queen  
  57  10:36  Queen x2  
  57  10:41  Extractor  
  62  10:46  Spire  
  59  11:11  Drone  
  59  11:12  Drone x2  
  59  11:14  Hatchery  
  59  11:15  Extractor  
  59  11:16  Extractor  
  52  11:40  Burrow  
  48  12:01  Mutalisk  
  48  12:02  Mutalisk x15  
  80  12:20  Overlord x2  
  80  12:25  Drone x3  
  83  13:02  Zergling x2  
  83  13:03  Zergling x24  
  88  13:39  Mutalisk x2  
  88  13:40  Mutalisk x4  
  75  14:19  Zergling x6  
  75  14:20  Zergling x22  
  77  14:38  Drone  
  72  14:48  Overseer  
  72  14:55  Drone  
  72  14:56  Drone x10  
  72  14:59  Drone x2  
  86  15:00  Drone  
  86  15:03  Queen x2  
  70  15:49  Mutalisk  
  65  15:50  Corruptor x2, Mutalisk x6  
  65  15:51  Corruptor x3  
  65  15:54  Drone x2  
  90  16:24  Drone  
  90  16:25  Drone x5  
  96  16:43  Overlord  
  96  16:44  Overlord x7  
  96  16:48  Extractor x2  
  96  16:49  Drone x2  
Show
View Real Time Build Order
Export as new Build Order

DCfromOaktow Terran 

Build Orders:  

Get SALT Encoding   

  12  0:01  SCV  
  13  0:13  SCV  
  14  0:20  Supply Depot  
  14  0:25  SCV  
  15  0:38  Supply Depot  
  15  0:41  SCV  
  16  0:48  Barracks  
  16  0:54  SCV  
  17  1:03  Refinery  
  17  1:07  Supply Depot  
  17  1:11  SCV  
  18  1:26  SCV  
  18  1:30  Supply Depot  
  19  1:35  Refinery  
  19  1:38  SCV  
  20  1:40  Marine  
  21  2:09  Factory  
  21  2:13  SCV  
  22  2:23  Marine  
  22  2:25  SCV  
  24  2:37  SCV  
  24  2:41  Engineering Bay  
  25  2:49  SCV  
  26  2:54  Factory Tech Lab  
  26  3:01  SCV  
  26  3:05  Command Center  
  27  3:12  Supply Depot  
  27  3:16  Siege Tank  
  30  3:28  Starport  
  30  3:50  Sensor Tower  
  30  3:59  Siege Tank  
  33  4:07  Starport Reactor  
  33  4:18  Missile Turret  
  33  4:19  SCV  
  33  4:20  Refinery, Missile Turret  
  34  4:31  SCV  
  35  4:43  SCV  
  35  4:45  Refinery  
  36  4:51  Viking  
  38  4:53  Viking  
  38  4:55  SCV  
  41  5:01  Siege Tank  
  41  5:06  SCV  
  45  5:07  SCV  
  42  5:18  SCV  
  42  5:19  SCV  
  41  5:31  SCV  
  42  5:44  SCV  
  43  5:50  Missile Turret  
  43  5:54  Missile Turret  
  43  5:56  SCV  
  44  6:04  Siege Tank  
  44  6:06  Viking  
  44  6:08  SCV  
  50  6:20  SCV  
  51  6:32  SCV  
  52  6:35  Orbital Command  
  52  6:39  Siege Tank  
  55  6:40  Viking  
  55  6:44  SCV  
  58  6:53  Viking  
  60  6:57  SCV  
  61  7:09  SCV  
  61  7:11  Siege Tank  
  65  7:21  SCV  
  66  7:33  SCV  
  67  7:42  Viking  
  69  7:45  SCV  
  69  7:49  Viking  
  68  7:54  Marine  
  65  8:04  SCV  
  60  8:12  Marine, Viking  
  57  8:16  SCV  
  57  8:18  Viking  
  58  8:28  SCV  
  58  8:30  Marine  
  53  8:40  SCV  
  52  8:42  Viking  
  52  8:48  Marine, Viking  
  54  8:52  SCV  
  55  9:04  SCV  
  55  9:06  Marine  
  55  9:07  Siege Tank  
  56  9:12  Viking  
  56  9:16  SCV  
  59  9:18  Medivac  
  59  9:24  Marine  
  62  9:28  SCV  
  63  9:39  Siege Tank  
  63  9:40  SCV  
  67  9:52  SCV  
  67  9:53  Viking  
  70  10:22  Supply Depot  
  70  10:25  Orbital Command  
  70  10:43  Marine, Viking, Siege Tank, SCV  
  70  10:45  Supply Depot  
  77  10:56  SCV  
  78  11:06  Marine, SCV  
  78  11:08  SCV  
  78  11:10  Supply Depot  
  81  11:18  SCV  
  81  11:20  SCV  
  81  11:21  Command Center  
  81  11:24  Marine  
  84  11:31  SCV  
  84  11:32  SCV  
  86  11:33  Missile Turret  
  86  11:40  Missile Turret  
  86  11:42  Marine  
  86  11:43  SCV  
  86  11:45  Factory  
  88  11:55  SCV  
  88  11:59  Missile Turret  
  89  12:02  Missile Turret  
  89  12:07  SCV  
  90  12:19  SCV  
  91  12:31  SCV  
  91  12:33  Factory Tech Lab  
  91  12:36  Sensor Tower  
  92  12:43  Refinery, SCV  
  92  12:44  SCV  
  94  12:45  Missile Turret  
  94  12:46  Refinery  
  94  12:56  SCV  
  94  13:06  Sensor Tower  
  94  13:08  SCV  
  88  13:20  SCV  
  89  13:32  SCV  
  86  13:43  Missile Turret  
  86  13:51  Armory  
  84  14:01  Orbital Command  
  70  14:10  Viking x2  
  70  14:14  SCV  
  68  14:22  Siege Tank  
  68  14:23  Siege Tank  
  74  14:26  SCV  
  73  14:38  SCV  
  72  14:39  SCV  
  72  14:40  Viking x2, Missile Turret  
  76  14:50  SCV  
  76  14:51  SCV  
  78  14:56  Siege Tank  
  81  15:02  SCV  
  81  15:03  SCV  
  83  15:10  Viking x2  
  84  15:14  SCV  
  84  15:15  SCV  
  84  15:26  SCV  
  84  15:27  SCV  
  84  15:28  Siege Tank  
  86  15:39  SCV  
  86  15:40  Viking x2  
  75  15:51  SCV  
  69  16:00  Siege Tank  
  69  16:03  SCV  
  73  16:15  SCV  
  74  16:18  Siege Tank  
  77  16:27  SCV  
  77  16:32  Siege Tank  
  81  16:35  Viking  
  81  16:36  Viking  
  81  16:39  SCV  
  86  16:44  Armory  
  86  16:46  Starport  
  86  16:50  Siege Tank  
  89  16:56  SCV  
  89  17:04  Hellbat  
  89  17:08  SCV  
  87  17:22  SCV  
  55  17:34  SCV  
Show
View Real Time Build Order
Export as new Build Order

dez Terran 

Build Orders:  

Get SALT Encoding   

  12  0:10  Supply Depot  
  13  0:14  SCV  
  13  0:27  Refinery  
  13  0:36  Barracks  
  13  0:55  Refinery  
  13  0:58  SCV  
  14  1:10  SCV  
  15  1:23  Reaper  
  16  1:26  Orbital Command  
  16  1:52  SCV  
  17  1:56  Barracks Tech Lab  
  17  2:00  Barracks  
  17  2:04  SCV  
  18  2:22  Marine  
  19  2:39  Marine  
  19  2:42  Stimpack  
  20  2:57  Marine  
  21  3:15  Marine  
  21  3:19  Barracks Reactor  
  22  3:33  Marine  
  23  4:23  Marine  
  22  4:32  Combat Shield  
  22  4:34  Marine  
  23  4:41  Supply Depot  
  23  4:59  Engineering Bay  
  23  5:02  Marine x3, SCV  
  23  5:03  Supply Depot  
  27  5:14  SCV  
  27  5:20  Marine x3  
  31  5:32  Missile Turret  
  31  5:36  Terran Infantry Weapons Level 1  
  31  5:38  Marine x3  
  34  5:46  Supply Depot  
  34  5:55  Marine x2  
  34  5:56  Marine  
  37  5:59  Concussive Shells  
  37  6:13  Marine x3  
  40  6:31  Marine x3  
  43  6:49  Marine x3  
  46  7:07  Marine  
  47  7:26  Marine x2  
  33  7:44  Marine  
  34  7:52  Marine  
  34  7:53  Marine  
  36  8:01  Marine  
  35  8:10  Marine  
  35  8:11  Marine  
  36  8:19  Marine  
  24  8:28  Marine  
  24  8:29  Marine  
  23  8:37  Marine  
  24  8:46  Marine  
  24  8:47  Marine  
  26  8:55  Marine  
  26  9:01  SCV  
  26  9:04  Marine x2  
  26  9:08  Terran Infantry Armor Level 1  
  28  9:13  Marine  
  28  9:14  SCV  
  30  9:22  Marine x2  
  32  9:26  SCV  
  32  9:30  Marine  
  34  9:38  SCV  
  35  9:50  SCV  
  36  10:02  SCV  
  37  10:14  SCV  
  37  10:20  Missile Turret  
  38  10:24  Missile Turret  
  38  10:26  SCV  
  39  10:38  SCV  
  40  10:43  Marine x3  
  42  10:50  SCV  
  39  11:01  Marine x3  
  39  11:02  SCV  
  39  11:04  Factory  
  43  11:15  SCV  
  44  11:18  Marine  
  44  11:19  Marine x2  
  47  12:07  Supply Depot  
  47  12:28  Marine x3, SCV, Command Center  
  31  12:41  SCV  
  32  12:46  Marine x3  
  35  12:53  SCV  
  35  12:55  Armory  
  36  13:04  Marine x3  
  36  13:05  SCV  
  40  13:17  SCV  
  41  13:22  Marine x3  
  44  13:29  SCV  
  45  13:39  Marine x2  
  47  14:21  Terran Infantry Weapons Level 2  
  47  14:29  SCV  
  48  14:40  Marine x3  
  48  14:41  SCV  
  52  14:53  SCV  
  52  14:58  Marine x3  
  56  15:05  SCV  
  54  15:15  Marine  
  54  15:16  Marine x2  
  54  15:17  SCV  
  52  16:41  Marine x3  
  55  16:59  Marine x3  
  38  17:03  Sensor Tower  
  38  17:16  Marine  
  38  17:17  Marine x2  
Tags
 
Add a new tag
Caveats
  • Supply blocks, unpowered buildings, or Contaminate may cause inaccurate times.
  • Supply counts are checked every 10 seconds.